 Dungeon Crawl Stone Soup version 0.27-a0-385-g3208abaabc (webtiles) character file.

Game seed: 574716300910971958

1894 Towns the Cleaver (level 8, 74/74 HPs)
             Began as a Minotaur Berserker on Feb 19, 2021.
             Was an Elder of Trog.
             Got out of the dungeon alive.
             The game lasted 00:23:06 (6735 turns).

Towns the Cleaver (Minotaur Berserker)              Turns: 6735, Time: 00:23:07

Health: 74/74      AC:  8    Str: 22    XL:     8   Next: 93%
Magic:  7/7        EV: 10    Int:  5    God:    Trog [****..]
Gold:   231        SH:  0    Dex: 11    Spells: 7/7 levels left

rFire    . . .     SeeInvis +   C - +2 war axe (freeze)
rCold    . . .     Faith    .   (no shield)
rNeg     . . .     Spirit   .   j - +0 scale mail
rPois    .         Reflect  .   (helmet restricted)
rElec    .         Harm     .   (no cloak)
rCorr    .         Rampage  .   (no gloves)
Will     .....                  (no boots)
Stlth    ..........             (no amulet)
HPRegen  0.22/turn              i - ring of see invisible
MPRegen  0.10/turn              (no ring)

@: no status effects
A: retaliatory headbutt, horns 2
a: Renounce Religion, Berserk, Trog's Hand, Brothers in Arms


You escaped.
You worshipped Trog.
Trog was greatly pleased with you.
You visited 1 branch of the dungeon, and saw 7 of its levels.

You collected 231 gold pieces.

Inventory:

Hand Weapons
 a - a +0 hand axe
 z - the +6 war axe "Spiderbane" {vorpal, *Noise +Blink Str+9 Int-2}
   (You found it on level 5 of the Dungeon)

   It inflicts extra damage upon your enemies.
   It affects your strength (+9).
   It affects your intelligence (-2).
   It lets you blink.
   It may make noises in combat.
 C - a +2 war axe of freezing (weapon)
Missiles
 b - 297 stones (quivered)
Armour
 j - a +0 scale mail (worn)
Jewellery
 d - a +6 ring of dexterity {unknown}
 f - a ring of magical power {unknown}
 i - a ring of see invisible (left hand)
 E - an amulet of magic regeneration {unknown}
Wands
 y - a wand of polymorph (19)
 A - a wand of flame (7)
 F - a wand of iceblast (8)
Scrolls
 g - 5 scrolls of teleportation
 k - a scroll of blinking {unknown}
 l - 3 scrolls of identify
 m - 2 scrolls of magic mapping
 r - a scroll of random uselessness {unknown}
 s - 2 scrolls of fog {unknown}
 u - a scroll of enchant weapon {unknown}
 x - a scroll of enchant armour {unknown}
 B - a scroll of silence {unknown}
 D - a scroll of immolation {unknown}
Potions
 c - a potion of lignification {unknown}
 e - 3 potions of attraction {unknown}
 h - 2 potions of cancellation {unknown}
 n - 2 potions of brilliance {unknown}
 o - 2 potions of resistance {unknown}
 p - a potion of heal wounds {unknown}
 q - 2 potions of mutation {unknown}
 t - 3 potions of might {unknown}
 v - a potion of berserk rage {unknown}
 w - 2 potions of haste {unknown}


   Skills:
 + Level 7.8 Fighting
 * Level 10.4 Axes
 + Level 7.3 Armour
 - Level 2.1 Dodging


You had 7 spell levels left.
You didn't know any spells.
Your spell library was empty.

Dungeon Overview and Level Annotations

Branches:
Dungeon (7/15)             Temple (0/1) D:7

Altars:
Dithmenos
Fedhas
Kikubaaqudgha
Qazlal
Xom

Shops:
D:5 (**[*


Innate Abilities, Weirdness & Mutations

You reflexively headbutt those who attack you in melee.
You have a pair of horns on your head.


Message History

You feel sick.
You feel sick.
You feel sick.
You feel sick.
You are no longer poisoned.
b - 297 stones (gained 1)
Found 24 arrows.
Found a chain mail.
You see here 24 arrows.
Save game and exit?
Welcome back, Towns the Minotaur Berserker.
Trog says: Kill them all!
Press ? for a list of commands and other information.
(D) Dungeon (T) Temple
Where to? (? - help)
What level of the Dungeon? (default 1, ? - help)
You see here 24 arrows.
There is a stone staircase leading up here.
You see here a jackal skeleton.
You climb upwards.
There is a stone staircase leading down here.
There is a stone staircase leading up here.
You climb upwards.
There is a stone staircase leading down here.
There is a stone staircase leading up here.
You climb upwards.
There is a stone staircase leading down here.
There is a stone staircase leading up here.
You climb upwards.
There is a stone staircase leading down here.
There is a stone staircase leading up here.
You climb upwards.
There is a stone staircase leading down here.
There is a stone staircase leading up here.
You climb upwards.
There is a stone staircase leading down here.
There is an escape hatch in the floor here.
There is a staircase leading out of the dungeon here.
Are you sure you want to leave the Dungeon?
This will make you lose the game!
You have escaped!

(....#....##.#..........#........
.##..#.......##..................
.................................
...###############...............
##.>.............#...............
##...#..#..#..#..#..............>
##...............#.......########
##...............#.....#.#
...>............@#....##.#
.................#######.#
.................### #.#
.....#..#..#..#..#.#####.#
...>...).........#..##...########
...###############...............
................####.......##....
...(###..........###.............
....# #.#.#####....†.......#.....


There were no monsters in sight!

Vanquished Creatures
  A steam dragon (D:7)
  Menkaure (D:4)
  A sky beast (D:4)
  An ice beast (D:5)
  2 ogres
  3 necrophages (D:6)
  A phantom (D:5)
  A centaur (D:5)
  2 bullfrogs
  A scorpion (D:7)
  A centaur zombie (D:6)
  2 bullfrog zombies
  A jelly (D:6)
  2 orc priests (D:3)
  3 hounds
  An iguana (D:6)
  A bullfrog skeleton (D:5)
  An orc wizard (D:4)
  3 worker ants
  A killer bee zombie (D:6)
  A hound zombie (D:6)
  A worker ant zombie (D:5)
  3 adders
  A gnoll (D:5)
  A white imp (D:6)
  6 oozes
  An ufetubus (D:5)
  2 adder skeletons
  3 worms (D:2)
  2 dart slugs
  5 leopard geckos
  20 orcs
  3 ball pythons
  9 bats
  3 bat zombies (D:3)
  9 giant cockroaches
  4 goblins
  12 hobgoblins
  5 jackals
  5 kobolds
  A quokka (D:5)
  6 frilled lizards
  A jackal zombie (D:5)
  A quokka skeleton (D:6)
  14 rats
  2 rat zombies (D:3)
  A bush (D:6)
152 creatures vanquished.

Vanquished Creatures (others)
  13 plants
13 creatures vanquished.

Grand Total: 165 creatures vanquished

Notes
Turn   | Place    | Note
-------+----------+-------------------------------------------
     0 | D:1      | Towns the Minotaur Berserker began the quest for the Orb.
     0 | D:1      | Reached XP level 1. HP: 19/19 MP: 0/0
    20 | D:1      | Reached skill level 4 in Axes
    92 | D:1      | Reached XP level 2. HP: 23/27 MP: 1/1
   452 | D:1      | Reached ** piety under Trog
   496 | D:1      | Reached XP level 3. HP: 33/33 MP: 2/2
  1113 | D:2      | Reached XP level 4. HP: 33/40 MP: 3/3
  1355 | D:2      | Reached skill level 5 in Axes
  1552 | D:3      | Reached *** piety under Trog
  1567 | D:3      | Found an ancient bone altar of Kikubaaqudgha.
  2168 | D:3      | Reached XP level 5. HP: 47/47 MP: 4/4
  3007 | D:4      | Reached skill level 5 in Fighting
  3007 | D:4      | Reached skill level 6 in Axes
  3111 | D:4      | Found a stormy altar of Qazlal.
  3111 | D:4      | Noticed Menkaure
  3118 | D:4      | Killed Menkaure
  3119 | D:4      | Reached XP level 6. HP: 56/56 MP: 5/5
  3442 | D:5      | Entered Level 5 of the Dungeon
  3442 | D:5      | Noticed a sky beast
  3456 | D:4      | Killed a sky beast
  3457 | D:4      | Reached skill level 7 in Axes
  3593 | D:5      | Found a shimmering altar of Xom.
  3623 | D:5      | Found Dakeg's Antique Weapon Shoppe.
  3647 | D:5      | Reached skill level 5 in Armour
  3647 | D:5      | Reached XP level 7. HP: 40/62 MP: 6/6
  3921 | D:5      | Found Lesousot's Assorted Antiques.
  4018 | D:5      | Reached **** piety under Trog
  4043 | D:5      | Found Urinioj's General Store.
  4058 | D:5      | Found Maowyn's Assorted Antiques.
  4252 | D:5      | Reached skill level 8 in Axes
  4318 | D:5      | Reached XP level 8. HP: 50/71 MP: 7/7
  4421 | D:5      | Got an ebony war axe
  4423 | D:5      | Identified the +6 war axe "Spiderbane" {vorpal, *Noise
                  | +Blink Str+9 Int-2} (You found it on level 5 of the
                  | Dungeon)
  4477 | D:5      | Found Jualiplos's Armour Shoppe.
  4636 | D:6      | Found a shadowy altar of Dithmenos.
  4840 | D:6      | Reached skill level 9 in Axes
  5082 | D:6      | Found a blossoming altar of Fedhas.
  5642 | D:6      | Reached skill level 10 in Axes
  5981 | D:7      | Found a staircase to the Ecumenical Temple.
  6735 | D:$      | Got out of the dungeon alive.

Illustrated notes

Levels and vault maps discovered:
D:1:      lemuel_arrival_broad_hall, layout_rooms
D:2:      layout_loops_ring, kennysheep_generic_room_14
D:3:      layout_basic, lemuel_zombie_altar_kikubaaqudgha,
          ebering_dispersal_statue_hall
D:4:      layout_basic, nicolae_qazlal_eye_of_the_storm, uniq_menkaure
D:5:      minmay_clustersquares, layout_rooms, serial_shops, kennysheep_mini,
          nicolae_shop_overgrown_old_shop, shop_fountains,
          nicolae_shop_window_shopping, nicolae_shop_waterfront,
          xom_teletrap_fun
D:6:      layout_basic, nicolae_dithmenos_the_darkroom,
          fedhas_altar_decomposition
D:7:      cheibrodos_quashed, layout_loops_ring,
          minmay_temple_entry_statues_pillars, chequers_garden, minivault_11

Skill      XL: |  1  2  3  4  5  6  7  8 |
---------------+-------------------------+-----
Axes           | 4 5 6 7 8 10 | 10.4
Fighting       | 4 5 6 7 |  7.8
Armour         | 3 4 5 7 |  7.3
Dodging        | |  2.1

Action                   |  1- 3 |  4- 6 |  7- 9 || total
-------------------------+-------+-------+-------++-------
Melee: Hand axe          |    80 |   125 |    91 ||   296
       Headbutt          |    13 |    18 |    35 ||    66
       War axe           |       |       |    81 ||    81
Throw: Stone             |    19 |     8 |     8 ||    35
Invok: Berserk           |       |     4 |     4 ||     8
       Trog's Hand       |       |     1 |     1 ||     2
  Use: Scroll            |       |     4 |     1 ||     5
Armor: Animal skin       |     8 |       |       ||     8
       Ring mail         |     7 |    40 |       ||    47
       Scale mail        |       |     3 |    61 ||    64
Dodge: Dodged            |    51 |    82 |    63 ||   196

Table legend: (Time is in decaauts)
 A = Elapsed time spent in this place.
 B = Non-inter-level travel time spent in this place.
 C = Inter-level travel time spent in this place.
 D = Time resting spent in this place.
 E = Time spent auto-exploring this place.
 F = Levels seen in this place.
 G = Mean time per level.
                   A        B        C        D        E       F      G
               +--------+--------+--------+--------+--------+-----+--------+
         Total |   6826 |   6439 |    387 |    855 |   4518 |   7 |  975.1 |
       Dungeon |   6826 |   6439 |    387 |    855 |   4518 |   7 |  975.1 |
               +--------+--------+--------+--------+--------+-----+--------+

Top non-repeatable levels by time:
     D:6: 1347 daAuts
     D:3: 1295 daAuts
     D:5: 1026 daAuts
     D:2: 891 daAuts
     D:7: 790 daAuts
     D:4: 748 daAuts
     D:1: 727 daAuts
